 Dungeon Crawl Stone Soup version 0.31.0-11-ge490571c62 (webtiles) character file.

Game seed: 12514447075650592857

65 qw the Shooter (level 3, -5/18 HPs)
             Began as a Spriggan Hunter on Feb 4, 2024.
             Slain by Robin
             ... wielding a +6 whip of electrocution
              (13 damage)
             ... on level 3 of the Dungeon.
             The game lasted 00:00:06 (1878 turns).

qw the Shooter (Spriggan Hunter)                    Turns: 1878, Time: 00:00:06

Health: -5/18      AC:  2    Str:  7    XL:     3   Next: 94%
Magic:  4/4        EV: 19    Int: 10    God:
Gold:   102        SH:  0    Dex: 20    Spells: 2/2 levels left

rFire   . . .        a - +0 shortbow
rCold   . . .        (shield currently unavailable)
rNeg    . . .        c - +0 robe
rPois   .            (helmet restricted)
rElec   .            (no cloak)
rCorr   .            (gloves unavailable)
SInv    +            (boots unavailable)
Will    .....        f - amulet of the acrobat
Stlth   ++           (no ring)
HPRegen 0.23/turn    (no ring)
MPRegen 0.09/turn

%: acrobat
@: very quick
A: very small, no large weapons, unfitting armour, see invisible, speed 3
a: no special abilities


You were on level 3 of the Dungeon.
You visited 1 branch of the dungeon, and saw 3 of its levels.

You collected 102 gold pieces.


Innate Abilities, Weirdness & Mutations

You are very small and have problems with some larger weapons.
You are too small for most types of armour.
You have supernaturally acute eyesight. (SInv)
You cover ground extremely quickly. (Speed+++)


   Skills:
 - Level 1.5 Fighting
 - Level 5.0 Ranged Weapons
 + Level 4.2 Dodging
 - Level 1.5 Stealth


You had 2 spell levels left.
You didn't know any spells.
Your spell library was empty.

Inventory:

Hand Weapons
 a - a +0 shortbow (weapon)
Armour
 c - a +0 robe (worn)
Jewellery
 f - an amulet of the acrobat (around neck)
 j - a ring of protection from cold
Wands
 i - a wand of iceblast (7)
Scrolls
 b - 2 scrolls of identify
 d - a scroll of teleportation
 h - a scroll of revelation {unknown}
 o - a scroll of enchant armour {unknown}
Potions
 e - 2 potions of mutation {unknown}
 g - a potion of lignification {unknown}
 k - a potion of haste {unknown}
 l - a potion of heal wounds {unknown}
 m - 2 potions of ambrosia {unknown}
 n - a potion of berserk rage {unknown}

Dungeon Overview and Level Annotations

Branches:
Dungeon (3/15)

Altars:

Shops:
D:2 =

Annotations:
D:2 1 runed translucent door, Crazy Yiuf
D:3 Robin


Message History

The goblin closely misses you.
You shoot an arrow. The arrow closely misses the goblin.
The goblin closely misses you.
You shoot an arrow. The arrow hits the hobgoblin!
You kill the hobgoblin!
The goblin hits you with a +0 dagger.
You shoot an arrow. The arrow hits the goblin.
You kill the goblin!
The goblin completely misses you. Robin throws the goblin at you!
You shoot an arrow. The arrow hits the goblin.
The goblin is severely wounded.
A hobgoblin comes into view.
The goblin misses you. The goblin completely misses you.
You shoot an arrow. The arrow hits the goblin!
You kill the goblin!
A goblin comes into view. It is wielding a +0 dagger.
The goblin misses you.
A goblin comes into view. It is wielding a +0 club.
You shoot an arrow. The goblin shouts! x2
The arrow hits the goblin.
The goblin is severely wounded.
The goblin misses you.
You shoot an arrow. The arrow hits the goblin!
You kill the goblin!
The goblin closely misses you.
You shoot an arrow. The arrow hits Robin!
Robin is heavily wounded.
The goblin completely misses you.
Robin roars a battlecry!
The goblins go into a battle-frenzy!
You shoot an arrow. The arrow barely misses Robin.
A frilled lizard comes into view.
The hobgoblin closely misses you.
Robin hits you with a +6 whip of electrocution!
Ouch! That really hurt!
You are electrocuted!
Ouch! That really hurt!
You die...
Robin says, "And that's why I'm the boss."

#....# #....#
###....######
###...........####
#...####...##.....
#.### ###..######
. #.# ##..# #
....###g# ##.# ##
#...g@# >..# #.
#####g# .....##.
#.# ........


#gg ..##..## #.. ..... # .... ..... ...) ..... ....l .... .... You could see
Robin, 2 hobgoblins, 2 goblins and a frilled lizard.

Vanquished Creatures
  An adder (D:2)
  A ribbon worm (D:2)
  3 ball pythons
  5 bats
  5 endoplasms
  8 goblins
  9 hobgoblins
  2 quokkas (D:2)
  4 frilled lizards
  4 kobolds
  5 rats
47 creatures vanquished.

Notes
Turn   | Place    | Note
-------+----------+-------------------------------------------
     0 | D:1      | qw the Spriggan Hunter began the quest for the Orb.
     0 | D:1      | Reached XP level 1. HP: 10/10 MP: 2/2
     0 | D:1      | 0 ||| qw: Version: 0.3-a-160-g6735b56
     0 | D:1      | 0 ||| qw: Game counter: 5262
     0 | D:1      | 0 ||| qw: Melee chars always use a shield: true
     0 | D:1      | 0 ||| qw: God list: Okawaru
     0 | D:1      | 0 ||| qw: Allow faded altars: false
     0 | D:1      | 0 ||| qw: Do Orc after clearing Dungeon:15 true
     0 | D:1      | 0 ||| qw: Do second Lair branch before Depths: true
     0 | D:1      | 0 ||| qw: Lair rune preference: random
     0 | D:1      | 0 ||| qw: Goals: Normal
     0 | D:1      | 0 ||| PLANNING D:1-11
    32 | D:1      | Reached skill level 3 in Dodging
   365 | D:1      | Reached XP level 2. HP: 14/14 MP: 3/3
   695 | D:1      | 695 ||| UPGRADING to amulet of the acrobat.
   700 | D:1      | 700 ||| READING 2 scrolls labelled XEIZAC AGITARU.
   704 | D:1      | 704 ||| READING scroll labelled NIOLUNNYUC.
   705 | D:1      | 705 ||| DROPPING scroll of butterflies.
   802 | D:2      | Reached XP level 3. HP: 18/18 MP: 4/4
  1055 | D:2      | Found a runed translucent door.
  1056 | D:2      | Noticed Crazy Yiuf
  1102 | D:2      | Found a faded altar of an unknown god.
  1288 | D:2      | Found Ebai's Jewellery Shoppe.
  1297 | D:2      | 1297 ||| SHOPLISTING +5 ring of evasion (432 gold, have
                  | 84).
  1297 | D:2      | 1297 ||| SHOPLISTING +6 ring of strength (432 gold, have
                  | 84).
  1297 | D:2      | 1297 ||| SHOPLISTING amulet of guardian spirit (360 gold,
                  | have 84).
  1297 | D:2      | 1297 ||| SHOPLISTING amulet of reflection (360 gold, have
                  | 84).
  1297 | D:2      | 1297 ||| SHOPLISTING ring of positive energy (240 gold,
                  | have 84).
  1297 | D:2      | 1297 ||| SHOPLISTING ring of protection from cold (300
                  | gold, have 84).
  1566 | D:2      | 1566 ||| READING scroll labelled ZIGYON EPSOANT.
  1667 | D:2      | 1667 ||| READING scroll labelled UMPORIONUSK.
  1667 | D:2      | 1667 ||| IDENTIFYING cyan potion
  1668 | D:2      | 1668 ||| READING scroll labelled LYLOXA FOSHREA.
  1669 | D:2      | 1669 ||| DROPPING potion of degeneration.
  1865 | D:3      | Reached skill level 5 in Ranged Weapons
  1867 | D:3      | Noticed Robin
  1878 | D:3      | Slain by Robin

Levels and vault maps discovered:
D:1:      scummos_arrival_simple_fountains, layout_basic,
          roderic_nine_men_s_morris, due_unseen_surprise
D:2:      layout_basic, serial_shops, nicolae_shop_gaudy_bauble,
          hellmonk_ecumenical_altar_slurped_away, uniq_crazy_yiuf_cottage
D:3:      layout_rooms, serial_glass, glass_columns_a, glass_columns_a,
          kennysheep_generic_room_8, uniq_robin

Skill      XL: |  1  2  3 |
---------------+----------+-----
Dodging        | 3 4 |  4.2
Ranged Weapons | 5 |  5.0
Fighting       | |  1.5
Stealth        | |  1.5

Action                     || total
---------------------------++-------
   Fire: Shortbow          ||   114
    Use: Scroll            ||     5
 Armour: Robe              ||    13
  Dodge: Dodged            ||    42

Table legend:
 A = Non-vault XP
 B = Vault XP
 C = Vault XP percentage of total XP
 D = Non-vault monster count
 E = Vault monster count
 F = Vault count percentage of total count
                 A         B        C        D         E       F
            +---------+---------+-------+---------+---------+-------
      Total |      78 |      16 |  17.0 |      39 |       8 |  17.0
            +---------+---------+-------+---------+---------+-------
        D:1 |      33 |       0 |   0.0 |      20 |       0 |   0.0
        D:2 |      37 |       2 |   5.1 |      14 |       1 |   6.7
        D:3 |       8 |      14 |  63.6 |       5 |       7 |  58.3
            +---------+---------+-------+---------+---------+-------
